 Dungeon Crawl Stone Soup version 0.23.1 (webtiles) character file.

Game seed: 2805977258060017209

594 Fang the Skirmisher (level 7, -3/44 HPs)
             Began as a Gargoyle Berserker on Mar 6, 2019.
             Was a Priest of Trog.
             Slain by meepyknight's ghost (5 damage)
             ... on level 4 of the Dungeon.
             The game lasted 00:04:34 (4397 turns).

Fang the Skirmisher (Gargoyle Berserker)            Turns: 4397, Time: 00:04:35

Health: -3/44      AC: 12    Str: 22    XL:     7   Next: 39%
Magic:  7/7        EV: 11    Int:  8    God:    Trog [***...]
Gold:   135        SH:  0    Dex:  9    Spells: 6/6 levels left

rFire    . . .     SeeInvis .   o - +0 war axe
rCold    . . .     Gourm    .   (no shield)
rNeg     + . .     Faith    .   q - +0 scale mail
rPois    ∞         Spirit   .   (no helmet)
rElec    +         Reflect  .   (no cloak)
rCorr    .         Harm     .   (no gloves)
MR       .....                  (no boots)
Stlth    ..........             h - amulet of rage
HPRegen  0.14/turn              (no ring)
MPRegen  0.10/turn              (no ring)

@: berserk cooldown, slowed, very slow
A: negative energy resistance 1, electricity resistance, unbreathing,
petrification resistance, rot immunity, AC +4
a: Berserk, Trog's Hand, Renounce Religion, Evoke Berserk Rage


You were on level 4 of the Dungeon.
You worshipped Trog.
Trog was most pleased with you.
You were hungry.

You visited 1 branch of the dungeon, and saw 4 of its levels.

You collected 135 gold pieces.

Inventory:

Hand Weapons
 o - a +0 war axe (weapon)
Armour
 q - a +0 scale mail (worn)
Jewellery
 h - an amulet of rage (around neck)
Wands
 v - a wand of flame (15)
Scrolls
 b - 3 scrolls of enchant weapon {unknown}
 e - 2 scrolls of magic mapping {unknown}
 f - 4 scrolls of remove curse {unknown}
 g - a scroll of amnesia {unknown}
 i - 7 scrolls of identify {unknown}
 k - 2 scrolls of fear {unknown}
 l - a scroll of fog {unknown}
 p - 3 scrolls of teleportation {unknown}
 r - 2 scrolls of blinking {unknown}
 s - a scroll of immolation {unknown}
 t - a scroll of enchant armour {unknown}
 y - a scroll of noise {unknown}
Potions
 a - a potion of degeneration {unknown}
 d - a potion of heal wounds {unknown}
 j - 2 potions of resistance {unknown}
 m - 4 potions of haste {unknown}
 n - 3 potions of curing {unknown}
 u - a potion of magic {unknown}
 w - a potion of mutation {unknown}
 z - a potion of lignification {unknown}
 A - a potion of agility {unknown}
Comestibles
 c - 4 rations


   Skills:
 + Level 5.3 Fighting
 + Level 4.4 Axes
 + Level 4.7 Armour
 + Level 3.4 Dodging


You had 6 spell levels left.
You didn't know any spells.
Your spell library was empty.

Dungeon Overview and Level Annotations

Branches:
Dungeon (4/15)
 Temple: D:4-7

Altars:
Cheibriados
Elyvilon
Gozag
Hepliaklqana
Makhleb
Nemelex Xobeh
Ru
Vehumet
Wu Jian
Yredelemnul

Annotations:
D:4 1 runed translucent door, meepyknight's ghost, novice HOFi


Innate Abilities, Weirdness & Mutations

You are resistant to torment.
Your stone body is resilient. (AC +4)
You are immune to poison.
You resist negative energy. (rN+)
You are resistant to electric shocks. (rElec)
You can survive without breathing.
You are immune to petrification.
You are immune to rotting.


Message History

You slash meepyknight's ghost!
Meepyknight's ghost is almost destroyed.
Meepyknight's ghost barely misses you. Meepyknight's ghost closely misses you.
You closely miss meepyknight's ghost.
Meepyknight's ghost is almost destroyed.
Meepyknight's ghost hits you but does no damage. x2
You miss meepyknight's ghost.
Meepyknight's ghost is almost destroyed.
Meepyknight's ghost closely misses you.
Meepyknight's ghost wails.
Meepyknight's ghost closely misses you.
You hit meepyknight's ghost.
Meepyknight's ghost is almost destroyed.
Meepyknight's ghost barely misses you. Meepyknight's ghost hits you.
* * * LOW HITPOINT WARNING * * *
You hit meepyknight's ghost.
Meepyknight's ghost is almost destroyed.
Meepyknight's ghost hits you but does no damage.
Meepyknight's ghost hits you.
You die...

...................###.#.........
...................#...#.........
..........:........#...#.........
...................#...'.........
...................#...#.........
...................#...#.........
###................'...#.......#+
≈≈#†............W..#...#.......#.
≈≈'.............@..#...#.......'.
≈≈#.#########......#...#.......#.
####........#......#...#.......#.
...#........#......#...#.......#.
...#........'......'...#.......#.
...#........#......#...#.......'.
...##>.###..#......##'##.......#.
....##########.....#...#.......#<
....#........#.....#...'.......#.


You could see meepyknight's ghost.

Vanquished Creatures
  Edmund (D:4)
  A bullfrog (D:3)
  A scorpion (D:4)
  An orc priest (D:3)
  Jessica (D:3)
  An iguana (D:4)
  An orc wizard (D:3)
  Ijyb (D:3)
  A worker ant (D:4)
  A hound skeleton (D:4)
  7 adders
  A river rat (D:4)
  An ooze (D:2)
  5 worms
  3 dart slugs
  3 leopard geckos
  15 orcs (D:3)
  A ball python (D:3)
  4 bats
  3 giant cockroaches
  7 hobgoblins
  4 jackals (D:1)
  11 kobolds
  4 quokkas
  5 frilled lizards
  7 goblins
  12 rats
103 creatures vanquished.

Notes
Turn   | Place    | Note
-------+----------+-------------------------------------------
     0 | D:1      | Fang the Gargoyle Berserker began the quest for the Orb.
     0 | D:1      | Reached XP level 1. HP: 14/14 MP: 1/1
    77 | D:1      | Reached XP level 2. HP: 11/19 MP: 2/2
   575 | D:1      | Reached XP level 3. HP: 20/23 MP: 3/3
   754 | D:2      | Reached ** piety under Trog
  1074 | D:2      | Reached XP level 4. HP: 10/29 MP: 4/4
  1328 | D:2      | Reached skill level 4 in Fighting
  1836 | D:2      | Found a basalt altar of Yredelemnul.
  1837 | D:2      | Found a burning altar of Makhleb.
  2065 | D:3      | Reached XP level 5. HP: 33/33 MP: 5/5
  2366 | D:3      | Noticed Jessica
  2373 | D:3      | Killed Jessica
  2473 | D:3      | Noticed Ijyb
  2479 | D:3      | Paralysed by Ijyb for 5 turns
  2493 | D:3      | Paralysed by Ijyb for 7 turns
  2502 | D:3      | Killed Ijyb
  2680 | D:3      | Reached XP level 6. HP: 39/39 MP: 6/6
  2698 | D:3      | Reached *** piety under Trog
  2862 | D:3      | Found a sacrificial altar of Ru.
  3275 | D:4      | Found a runed translucent door.
  3283 | D:4      | Noticed meepyknight's ghost (novice HOFi)
  3286 | D:4      | Found a hazy altar of Hepliaklqana.
  3497 | D:4      | Found a white marble altar of Elyvilon.
  3498 | D:4      | Found an ornate altar of the Wu Jian Council.
  3498 | D:4      | Found a snail-covered altar of Cheibriados.
  3499 | D:4      | Found a sparkling altar of Nemelex Xobeh.
  3499 | D:4      | Noticed Edmund
  3500 | D:4      | Found an opulent altar of Gozag.
  3523 | D:4      | Killed Edmund
  3523 | D:4      | Reached skill level 5 in Fighting
  3523 | D:4      | Reached XP level 7. HP: 20/44 MP: 7/7
  3890 | D:4      | Found a runed translucent door.
  3927 | D:4      | Found a radiant altar of Vehumet.
  4392 | D:4      | HP: 1/44 [meepyknight's ghost (5)]
  4397 | D:4      | Slain by meepyknight's ghost

Skill      XL: |  1  2  3  4  5  6 |
---------------+-------------------+-----
Axes           | 3 4 |  4.4
Dodging        | 2 3 |  3.4
Armour         | 3 4 |  4.7
Fighting       | 4 5 |  5.3

Action                   |  1- 3 |  4- 6 |  7- 9 || total
-------------------------+-------+-------+-------++-------
Melee: Hand axe          |   100 |   107 |       ||   207
       War axe           |       |   100 |    90 ||   190
Invok: Berserk           |     2 |     2 |     3 ||     7
       Trog's Hand       |       |       |     2 ||     2
  Eat: Chunk             |     3 |     9 |     3 ||    15
       Ration            |       |       |     1 ||     1
Armor: Animal skin       |    42 |    16 |       ||    58
       Scale mail        |       |    83 |    67 ||   150
Dodge: Dodged            |    89 |   116 |    68 ||   273
